 Dungeon Crawl Stone Soup version 0.19.1 (webtiles) character file.

1842 Firecrotchwizard the Fighter (level 9, -2/59 HPs)
             Began as a Gargoyle Berserker on Dec 22, 2016.
             Was an Elder of Trog.
             Slain by an orc warrior
             ... wielding a +0 trident
              (13 damage)
             ... on level 6 of the Dungeon.
             The game lasted 00:18:34 (6189 turns).

Firecrotchwizard the Fighter (Gargoyle Berserker)   Turns: 6189, Time: 00:18:35

Health: -2/59      AC: 16    Str: 21    XL:     9   Next: 12%
Magic:  9/9        EV:  6    Int:  8    God:    Trog [****..]
Gold:   425        SH: 11    Dex: 12    Spells: 0 memorised, 8 levels left

rFire  . . .     SeeInvis .     a - +1 mace
rCold  . . .     Gourm    .     x - +0 scale mail
rNeg   + . .     Faith    .     H - +0 large shield
rPois  ∞         Spirit   .     (no helmet)
rElec  +         Reflect  .     o - +0 cloak
rCorr  .         Harm     .     (no gloves)
MR     .....                    l - +1 pair of boots
Stlth  ..........               (no amulet)
                                (no ring)
                                r - ring of flight

@: no status effects
A: negative energy resistance 1, electricity resistance, unbreathing,
petrification resistance, rot immunity, AC +5
a: Berserk, Trog's Hand, Brothers in Arms, Burn Spellbooks, Renounce Religion,
Evoke Flight


You were on level 6 of the Dungeon.
You worshipped Trog.
Trog was greatly pleased with you.
You were not hungry.

You visited 1 branch of the dungeon, and saw 6 of its levels.

You collected 425 gold pieces.

Inventory:

Hand Weapons
 a - a +1 mace (weapon)
 j - a +0 whip of freezing
Missiles
 k - 5 javelins of returning (quivered)
 t - 3 silver tomahawks
Armour
 b - a +0 animal skin
 l - a +1 pair of boots (worn)
 o - a +0 cloak (worn)
 w - a +0 ring mail
 x - a +0 scale mail (worn)
 H - a +0 large shield (worn)
Jewellery
 r - a ring of flight (left hand)
Wands
 f - a wand of lightning (6/15)
 p - a wand of teleportation (9/9)
 s - a wand of flame (18/48)
 v - a wand of confusion (14/48)
 y - a wand of polymorph (2/24)
 A - a wand of teleportation (2/9)
 B - a wand of paralysis (15/24)
Scrolls
 e - a scroll of enchant weapon
 i - 6 scrolls of identify
 n - a scroll of immolation {unknown}
 D - a scroll of remove curse
 E - a scroll of recharging
 J - a scroll of fear {unknown}
Potions
 g - 4 potions of haste
 h - 2 potions of degeneration {unknown}
 m - 2 potions of heal wounds {unknown}
 q - 2 potions of might {unknown}
 u - 7 potions of curing {unknown}
 z - a potion of berserk rage {unknown}
 F - a potion of flight {unknown}
 I - a potion of cancellation {unknown}
 K - a potion of agility {unknown}
Comestibles
 c - 3 bread rations
 d - 2 meat rations
 C - 3 fruits
 G - a beef jerky


   Skills:
 * Level 8.1 Fighting
 * Level 7.3 Maces & Flails
 + Level 5.7 Armour
 + Level 3.9 Dodging
 + Level 0.0 Shields


You had 8 spell levels left.
You didn't know any spells.

Dungeon Overview and Level Annotations

Branches:
Dungeon (6/15)
 Temple: D:4-7

Altars:
Ashenzari
Dithmenos
Makhleb
Nemelex Xobeh
Trog
Uskayaw
Zin

Annotations:
D:6 1 runed door


Innate Abilities, Weirdness & Mutations

You are resistant to torment.
Your stone body is resilient. (AC +5)
You are immune to poison.
You resist negative energy. (rN+)
You are resistant to electric shocks. (rElec)
You can survive without breathing.
You are immune to petrification.
You are immune to rotting.


Message History

The orc hits you but does no damage. The orc priest barely misses you.
The orc warrior hits you from afar with a trident!
You hit the orc priest but do no damage.
The orc priest is almost dead.
You block the orc's attack.
The orc warrior hits you from afar with a trident!
* * * LOW HITPOINT WARNING * * *
The orc priest hits you but does no damage.
You are too injured to fight recklessly!
You are too injured to fight recklessly!
You hit the orc priest but do no damage.
The orc priest is almost dead.
The orc hits you but does no damage.
The orc warrior hits you but does no damage.
The orc priest hits you but does no damage.
The orc hits you but does no damage.
You closely miss the orc priest.
The orc priest is almost dead.
The orc warrior hits you from afar with a trident!
You die...

#.....#.....#....#
#.....#...###....#
#.....#...#.......
#.....#...#.......
#.....#...#.......
#####.....#...#.......
#.....#####'####'####.
#.....#...'....#....#.
#...)@#...#....'....'.
#...oo#..#######'####.
#....o#..##..###..#...
#.....#..'........#...
#.....#..#........#...
#.....#..##########...
#.....#### .....
#.....# ...... ......


You could see an orc warrior, an orc priest and an orc.

Vanquished Creatures
  Sigmund (D:4)
  Eustachio (D:5)
  A sky beast (D:6)
  2 phantoms (D:4)
  4 ogres
  A bullfrog (D:6)
  5 wights (D:6)
  2 crimson imps
  A jelly (D:5)
  4 orc priests
  2 hounds (D:4)
  5 orc wizards
  An iguana (D:4)
  Jessica (D:2)
  2 worker ants
  A howler monkey zombie (D:6)
  5 adders
  An ooze (D:6)
  2 worms
  2 dart slugs
  A leopard gecko (D:2)
  16 orcs
  3 ball pythons
  7 bats
  4 giant cockroaches
  4 goblins
  7 hobgoblins
  6 jackals
  3 frilled lizards
  14 kobolds
  A quokka zombie (D:6)
  11 rats
121 creatures vanquished.

Notes
Turn   | Place    | Note
-------+----------+-------------------------------------------
     0 | D:1      | Firecrotchwizard the Gargoyle Berserker began the quest for the Orb.
     0 | D:1      | Reached XP level 1. HP: 14/14 MP: 1/1
   276 | D:1      | Reached XP level 2. HP: 15/19 MP: 2/2
   963 | D:2      | Reached XP level 3. HP: 24/24 MP: 3/3
  1137 | D:2      | Reached ** piety under Trog
  1172 | D:2      | Found a shadowy altar of Dithmenos.
  1185 | D:2      | Found a burning altar of Makhleb.
  1185 | D:2      | Noticed a balrug
  1288 | D:2      | Noticed a dagger
  1288 | D:2      | Noticed a hand axe
  1296 | D:2      | Found a hide-covered altar of Uskayaw.
  1305 | D:2      | Noticed Jessica
  1319 | D:2      | Killed Jessica
  1319 | D:2      | Reached skill level 4 in Fighting
  1319 | D:2      | Reached XP level 4. HP: 27/29 MP: 4/4
  1774 | D:3      | Noticed an ogre
  2336 | D:3      | Found a bloodstained altar of Trog.
  2420 | D:3      | Killed an ogre
  2420 | D:3      | Reached XP level 5. HP: 34/34 MP: 5/5
  2553 | D:3      | Found a shattered altar of Ashenzari.
  3102 | D:4      | Reached skill level 5 in Fighting
  3215 | D:4      | Reached *** piety under Trog
  3215 | D:4      | Reached XP level 6. HP: 21/40 MP: 6/6
  3566 | D:4      | Noticed a phantom
  3611 | D:5      | Entered Level 5 of the Dungeon
  3702 | D:4      | Noticed a phantom
  3713 | D:4      | Killed a phantom
  3713 | D:4      | Reached skill level 5 in Maces & Flails
  3713 | D:4      | Reached XP level 7. HP: 45/45 MP: 7/7
  3897 | D:4      | Reached skill level 6 in Fighting
  4053 | D:4      | Noticed Sigmund
  4069 | D:4      | Killed Sigmund
  4155 | D:4      | Reached XP level 8. HP: 46/52 MP: 8/8
  4206 | D:5      | Found a glowing silver altar of Zin.
  4214 | D:5      | Found a sparkling altar of Nemelex Xobeh.
  4716 | D:5      | Noticed Eustachio
  5049 | D:5      | Killed Eustachio
  5049 | D:5      | Reached skill level 7 in Fighting
  5049 | D:5      | Reached skill level 5 in Armour
  5516 | D:6      | Reached XP level 9. HP: 42/59 MP: 9/9
  5539 | D:6      | Reached skill level 8 in Fighting
  5547 | D:6      | Reached **** piety under Trog
  5959 | D:6      | Found a runed door.
  6189 | D:6      | Slain by an orc warrior

Skill      XL: |  1  2  3  4  5  6  7  8  9 |
---------------+----------------------------+-----
Fighting       | 4 5 6 7 8 |  8.1
Maces & Flails | 4 5 7 |  7.3
Armour         | 3 4 5 |  5.7
Dodging        | 2 3 |  3.9

Action                   |  1- 3 |  4- 6 |  7- 9 || total
-------------------------+-------+-------+-------++-------
Melee: Mace              |   129 |   156 |   289 ||   574
Throw: Javelin           |       |     4 |    15 ||    19
Invok: Berserk           |       |     2 |     2 ||     4
       Burn Spellbooks   |       |     1 |       ||     1
       Trog's Hand       |       |     2 |     1 ||     3
  Use: Scroll            |       |     3 |     7 ||    10
 Stab: Distracted        |     1 |       |       ||     1
  Eat: Chunk             |     1 |     3 |     2 ||     6
       Beef jerky        |       |     1 |       ||     1
       Meat ration       |       |     1 |       ||     1
       Bread ration      |       |       |     2 ||     2
       Fruit             |       |       |     1 ||     1
Armor: Animal skin       |    40 |    64 |    12 ||   116
       Scale mail        |       |       |   148 ||   148
Dodge: Dodged            |    97 |    98 |   169 ||   364
Block: Large shield      |       |       |    12 ||    12
